 Dungeon Crawl Stone Soup version 0.26.1-15-g04117e645d (webtiles) character file.

Game seed: 16433919352385064890

43 Froggeryz the Cutter (level 3, -2/26 HPs)
             Began as an Octopode Berserker on May 2, 2022.
             Was a Believer of Trog.
             Slain by an ice beast (12 damage)
             ... on level 2 of the Dungeon.
             The game lasted 00:00:55 (1121 turns).

Froggeryz the Cutter (Octopode Berserker)           Turns: 1121, Time: 00:00:56

Health: -2/26      AC:  1    Str: 16    XL:     3   Next: 58%
Magic:  3/3        EV: 14    Int:  9    God:    Trog [**....]
Gold:   116        SH:  0    Dex: 12    Spells: 2/2 levels left

rFire    . . .     SeeInvis .   a - +0 short sword
rCold    . . .     Faith    .   (no shield)
rNeg     . . .     Spirit   .   (helmet restricted)
rPois    .         Reflect  .   (no amulet)
rElec    .         Harm     .   (no ring)
rCorr    .         Rampage  .   (no ring)
Will     .....                  (no ring)
Stlth    +++.......             (no ring)
HPRegen  0.08/turn              (no ring)
MPRegen  0.08/turn              (no ring)
                                (no ring)
                                (no ring)

@: no status effects
A: almost no armour, stealthy swim, amphibious, 8 rings, constrict 8, camouflage
1, gelatinous body 1
a: Renounce Religion, Berserk, Trog's Hand


You were on level 2 of the Dungeon.
You worshipped Trog.
Trog was pleased with you.
You visited 1 branch of the dungeon, and saw 2 of its levels.

You collected 116 gold pieces.

Inventory:

Hand Weapons
 a - a +0 short sword (weapon)
Armour
 g - a +0 buckler
Scrolls
 c - 2 scrolls of identify {unknown}
 h - 3 scrolls of remove curse {unknown}
 i - a scroll of immolation {unknown}
 k - a scroll of random uselessness {unknown}
Potions
 b - a potion of invisibility {unknown}
 d - 2 potions of heal wounds {unknown}
 e - 3 potions of lignification {unknown}
 f - 2 potions of haste {unknown}
 j - a potion of flight {unknown}


   Skills:
 - Level 3.0 Fighting
 * Level 3.9 Short Blades
 - Level 3.0 Dodging
 - Level 2.0 Stealth
 * Level 1.2 Shields


You had 2 spell levels left.
You didn't know any spells.
Your spell library was empty.

Dungeon Overview and Level Annotations

Branches:
Dungeon (2/15)

Altars:


Innate Abilities, Weirdness & Mutations

You cannot wear most types of armour.
You are very stealthy in the water. (Stealth+)
You are amphibious.
You can wear up to eight rings at the same time.
You can use your tentacles to constrict eight enemies at once.
Your skin changes colour to match your surroundings (Stealth+).
Your rubbery body absorbs attacks. (AC +1, EV +1)


Message History

Found 8 poisoned darts.
You now have 104 gold pieces (gained 7).
You now have 116 gold pieces (gained 12).
h - 3 scrolls labelled REATHR XUTUFOTA (gained 1)
An ice beast comes into view.
An ice beast is nearby!
Found a stone staircase leading down.
The ice beast barely misses you.
You hit the ice beast but do no damage. You squeeze the ice beast!
The ice beast is moderately wounded.
You hit the ice beast.
The ice beast is moderately wounded.
The ice beast completely misses you.
You barely miss the ice beast.
The ice beast is moderately wounded.
The ice beast hits you. The ice beast freezes you!
You closely miss the ice beast. Your squeeze misses the ice beast.
The ice beast is moderately wounded.
The ice beast hits you. The ice beast freezes you!
You die...

.##.....##..).#............#.#.#.
#######.......#.#.##.#...........
# ........................#. # .#
#..#.#................
#..#.#..#.#.##....#.#.
.##.....................
.........!....##.#..#.#.
..........#.#.##.#......
.......@.........#.##+#.
###.##.Y............ . ...
#.......... ### #..........
#......... ...>...... #.##......
.. ......


You could see an ice beast.

Vanquished Creatures
  A dart slug (D:1)
  6 bats
  A giant cockroach (D:2)
  6 goblins
  6 hobgoblins (D:1)
  3 jackals (D:1)
  3 kobolds (D:1)
  A quokka (D:2)
  4 frilled lizards
  5 rats (D:1)
36 creatures vanquished.

Notes
Turn   | Place    | Note
-------+----------+-------------------------------------------
     0 | D:1      | Froggeryz the Octopode Berserker began the quest for the
                  | Orb.
     0 | D:1      | Reached XP level 1. HP: 16/16 MP: 1/1
    24 | D:1      | Reached skill level 1 in Stealth
    60 | D:1      | Reached XP level 2. HP: 21/21 MP: 2/2
   348 | D:1      | Reached XP level 3. HP: 18/26 MP: 3/3
   681 | D:1      | Reached ** piety under Trog
   768 | D:1      | Reached skill level 1 in Shields
  1112 | D:2      | Noticed an ice beast
  1121 | D:2      | Slain by an ice beast

Illustrated notes

Levels and vault maps discovered:
D:1:      sevenhm_arrival_forest_fort_small_6, layout_loops_cross,
          chequers_serial_rivers_micro_a
D:2:      layout_basic, grunt_ministairs_12

Skill      XL: |  1  2  3 |
---------------+----------+-----
Stealth        | 1 2 |  2.0
Shields        | 1 |  1.2
Fighting       | |  3.0
Short Blades   | |  3.9
Dodging        | |  3.0

Action                   || total
-------------------------++-------
Melee: Short sword       ||    65
       Constrict         ||    17
       Tentacles         ||    10
 Stab: Sleeping          ||     8
       Distracted        ||     1
Armor: Skin              ||     8
Dodge: Dodged            ||    46
